 Dungeon Crawl Stone Soup version 0.24-a0-27-gca774cb5d5 (webtiles) character file.

Game seed: 12089359025535127451

42 iamserjio the Magician (level 3, 0/23 HPs)
             Began as an Octopode Wanderer on Feb 2, 2019.
             Slain by a frilled lizard (2 damage)
             ... on level 2 of the Dungeon.
             The game lasted 00:01:24 (1331 turns).

iamserjio the Magician (Octopode Wanderer)          Turns: 1331, Time: 00:01:25

Health: 0/23       AC:  1    Str: 10    XL:     3   Next: 56%
Magic:  8/8        EV: 13    Int: 20    God:
Gold:   19         SH:  0    Dex: 12    Spells: 10/10 levels left

rFire    . . .     SeeInvis .   b - +0 short sword
rCold    . . .     Gourm    .   (no shield)
rNeg     . . .     Faith    .   (helmet restricted)
rPois    .         Spirit   .   (no amulet)
rElec    .         Reflect  .   (no ring)
rCorr    .         Harm     .   (no ring)
MR       .....                  (no ring)
Stlth    +++.......             (no ring)
HPRegen  0.07/turn              (no ring)
MPRegen  0.11/turn              (no ring)
                                (no ring)
                                (no ring)

@: brilliant
A: almost no armour, stealthy swim, amphibious, 8 rings, constrict 8, camouflage
1, gelatinous body 1
a: no special abilities


You were on level 2 of the Dungeon.
You were not hungry.

You visited 1 branch of the dungeon, and saw 2 of its levels.

You collected 19 gold pieces.

Inventory:

Hand Weapons
 b - a +0 short sword (weapon)
Missiles
 a - 4 throwing nets (quivered) {!f}
Scrolls
 c - 2 scrolls of teleportation
 e - a scroll of blinking {unknown}
 g - a scroll of random uselessness {unknown}
 h - a scroll of identify {unknown}
 j - a scroll of remove curse {unknown}
 k - a scroll of fog {unknown}
Potions
 i - a potion of berserk rage {unknown}
Comestibles
 d - 3 rations


   Skills:
 + Level 1.2 Fighting
 - Level 2.0 Short Blades
   Level 2.0 Staves
 - Level 1.0 Throwing
 + Level 1.9 Dodging
 - Level 1.3 Stealth
 - Level 4.0 Spellcasting
   Level 1.0 Ice Magic


You had 10 spell levels left.
You didn't know any spells.
Your spell library was empty.

Dungeon Overview and Level Annotations

Branches:
Dungeon (2/15)

Altars:


Innate Abilities, Weirdness & Mutations

You cannot wear most types of armour.
You are very stealthy in the water. (Stealth+)
You are amphibious.
You can wear up to eight rings at the same time.
You can use your tentacles to constrict eight enemies at once.
Your skin changes colour to match your surroundings (Stealth+).
Your rubbery body absorbs attacks. (AC +1, EV +1)


Message History

You hit the bat.
You kill the bat!
The jackal closely misses you. The jackal bites you. x3
The jackal misses you. The jackal closely misses you.
The jackal bites you. x2; The worm misses you.
You see here a bat corpse.
The jackal bites you.
* * * LOW HITPOINT WARNING * * *
The frilled lizard bites you.
* * * LOW HITPOINT WARNING * * *
The jackal barely misses you. The jackal misses you.
Found a whip and 3 scrolls labeled ZAIBLA WAOL.
Okay, then.
The jackal bites you.
* * * LOW HITPOINT WARNING * * *
It was a potion of brilliance.
You feel clever all of a sudden. The frilled lizard bites you.
You die...

#?###########+##
#..)..@lhh.....#
########h......#
#hK.....#
#..w....#
####...†...#
...........#
.$..........#
......#######
......#


You could see a worm, 3 jackals, a kobold and a frilled lizard.

Vanquished Creatures
  2 oozes (D:1)
  2 dart slugs (D:1)
  3 leopard geckos (D:1)
  A ball python (D:1)
  2 giant cockroaches (D:1)
  2 goblins (D:1)
  5 hobgoblins (D:1)
  4 bats
  2 frilled lizards (D:1)
  2 kobolds (D:1)
  2 rats (D:1)
27 creatures vanquished.

Notes
Turn   | Place    | Note
-------+----------+-------------------------------------------
     0 | D:1      | iamserjio the Octopode Wanderer began the quest for the
                  | Orb.
     0 | D:1      | iamserjio set off with the following items: 4 throwing nets
                  | {!f}, a +0 short sword, a scroll of teleportation, a ration
     0 | D:1      | Reached XP level 1. HP: 11/11 MP: 5/5
   259 | D:1      | Reached skill level 1 in Short Blades
   259 | D:1      | Reached XP level 2. HP: 13/18 MP: 7/7
   684 | D:1      | Reached skill level 1 in Fighting
   692 | D:1      | Reached XP level 3. HP: 18/23 MP: 8/8
  1331 | D:2      | Slain by a frilled lizard

Vault maps used:
D:1:      dpeg_arrival_oval, minmay_misc_feat_tower
D:2:      lemuel_round_altar

Skill      XL: |  1  2  3 |
---------------+----------+-----
Short Blades   | 1 2 |  2.0
Fighting       | 1 |  1.2
Staves         | |  2.0
Throwing       | |  1.0
Dodging        | |  1.9
Stealth        | |  1.3
Spellcasting   | |  4.0
Ice Magic      | |  1.0

Action                   || total
-------------------------++-------
Melee: Short sword       ||    65
       Constrict         ||    15
       Tentacles         ||    10
  Use: Potion            ||     1
 Stab: Sleeping          ||     8
  Eat: Chunk             ||     1
Armor: Skin              ||     6
Dodge: Dodged            ||    63

Table legend:
 A = Non-vault XP
 B = Vault XP
 C = Vault XP percentage of total XP
 D = Non-vault monster count
 E = Vault monster count
 F = Vault count percentage of total count
                 A         B        C        D         E       F
            +---------+---------+-------+---------+---------+-------
      Total |      61 |       0 |   0.0 |      27 |       0 |   0.0
            +---------+---------+-------+---------+---------+-------
        D:1 |      60 |       0 |   0.0 |      26 |       0 |   0.0
        D:2 |       1 |       0 |   0.0 |       1 |       0 |   0.0
            +---------+---------+-------+---------+---------+-------
